 Dungeon Crawl Stone Soup version 0.26-b1-32-g5d43845318 (webtiles) character file.

Game seed: 11046008446610846931

623 salade2fruit the Sneak (level 7, -3/45 HPs)
             Began as an Octopode Summoner on Jan 6, 2021.
             Was an Initiate of Ashenzari.
             Killed from afar by Maggie (10 damage)
             ... with a bolt of fire
             ... on level 6 of the Dungeon.
             The game lasted 00:26:39 (7971 turns).

salade2fruit the Sneak (Octopode Summoner)          Turns: 7971, Time: 00:26:40

Health: -3/45      AC:  1    Str:  8    XL:     7   Next: 46%
Magic:  9/13       EV: 13    Int: 19    God:    Ashenzari [......]
Gold:   166        SH:  0    Dex: 12    Spells: 8/14 levels left

rFire    + . .     SeeInvis .   b - +1 trident
rCold    + . .     Faith    .   (no shield)
rNeg     . . .     Spirit   .   (helmet restricted)
rPois    +         Reflect  .   (no amulet)
rElec    +         Harm     .   (no ring)
rCorr    +         Rampage  .   (no ring)
Will     .....                  (no ring)
Stlth    ++++......             (no ring)
HPRegen  0.15/turn              (no ring)
MPRegen  0.13/turn              (no ring)
                                (no ring)
                                (no ring)

@: resistant, mesmerised, hasted, very quick
A: almost no armour, stealthy swim, amphibious, 8 rings, constrict 8, camouflage
1, gelatinous body 1
a: Renounce Religion, Curse Item


You were on level 6 of the Dungeon.
You worshipped Ashenzari.
Ashenzari was noncommittal.
You visited 2 branches of the dungeon, and saw 7 of its levels.

You collected 254 gold pieces.
You spent 88 gold pieces at shops.

Inventory:

Hand Weapons
 b - a +1 trident (weapon)
Jewellery
 d - an uncursed ring of resist corrosion
 k - an uncursed amulet of faith
Wands
 n - a wand of flame (8)
 o - a wand of iceblast (8)
 t - a wand of disintegration (7)
Scrolls
 a - a scroll of random uselessness {unknown}
 f - a scroll of enchant weapon
 h - a scroll of fog
 i - 2 scrolls of enchant armour {unknown}
 q - a scroll of remove curse
 r - 4 scrolls of identify
Potions
 c - 2 potions of curing
 e - a potion of haste
 g - a potion of mutation
 j - 3 potions of flight


   Skills:
 + Level 2.8 Fighting
 - Level 2.0 Dodging
 - Level 6.2 Stealth
 + Level 4.3 Spellcasting
 + Level 5.8 Summonings


You had 8 spell levels left.
You knew the following spells:

 Your Spells              Type           Power        Failure   Level
a - Summon Small Mammal   Summ           100%         1%          1
e - Call Canine Familiar  Summ           26%          3%          3
z - Call Imp              Summ           26%          1%          2

Your spell library contained the following spells:

 Spells                   Type           Power        Failure   Level
 Summon Guardian Golem    Hex/Summ       15%          12%         3
 Corona                   Hex            4%           14%         1
 Ensorcelled Hibernation  Hex/Ice        8%           21%         2
 Summon Ice Beast         Ice/Summ       15%          36%         4
 Summon Lightning Spire   Summ/Air       15%          36%         4
 Confusing Touch          Hex            4%           38%         3
 Dazzling Flash           Conj/Hex       8%           38%         3
 Gell's Gravitas          Tloc           2%           38%         3
 Tukima's Dance           Hex            4%           38%         3
 Petrify                  Tmut/Erth      4%           80%         4
 Metabolic Englaciation   Hex/Ice        2%           98%         5
 Yara's Violent Unravell  Hex/Tmut       2%           98%         5


Dungeon Overview and Level Annotations

Branches:
Dungeon (6/15)             Temple (1/1) D:4

Altars:
Ashenzari
Cheibriados
Dithmenos
Elyvilon
Fedhas
Gozag
Hepliaklqana
Makhleb
Nemelex Xobeh
Okawaru
Ru
Sif Muna
Trog
Uskayaw
Vehumet
Wu Jian
Xom
Yredelemnul
Zin
The Shining One

Shops:
D:6 ![

Annotations:
D:2 Sigmund
D:6 Maggie


Innate Abilities, Weirdness & Mutations

You cannot wear most types of armour.
You are very stealthy in the water. (Stealth+)
You are amphibious.
You can wear up to eight rings at the same time.
You can use your tentacles to constrict eight enemies at once.
Your skin changes colour to match your surroundings (Stealth+).
Your rubbery body absorbs attacks. (AC +1, EV +1)


Message History

Maggie is severely wounded.
You constrict Maggie.
Your hound bites Maggie.
Maggie hits you with a +1 long sword of flaming.
* * * LOW HITPOINT WARNING * * *
Maggie burns you.
* * * LOW HITPOINT WARNING * * *
Your hound bites Maggie but does no damage.
You hit Maggie.
Maggie is severely wounded.
You constrict Maggie, but do no damage.
Your hound bites Maggie.
Maggie hits you with a +1 long sword of flaming.
* * * LOW HITPOINT WARNING * * *
Unknown command.
You hit Maggie but do no damage. You squeeze Maggie.
Maggie is almost dead.
You constrict Maggie, but do no damage.
Your hound bites Maggie but does no damage.
Maggie points at you and mumbles some strange words.
The bolt of fire hits you! You resist.
You die...

###### #....#
#....# #....#
#....# #####
#....#
....#######.h@@#
##.... .........#
....# # ##§.....#
....# #. #.#....#
....# ^§ #.#....#
..#########X#.####
..#)+^.!..@.#.#
#.#########...#
#...# ^^ #.###


You could see Maggie (mesmerising) and a friendly hound (summoned).

Vanquished Creatures
  An ogre (D:4)
  A scorpion (D:5)
  A bullfrog skeleton (D:4)
  A worker ant (D:5)
  A hound skeleton (D:4)
  A worker ant zombie (D:5)
  2 adders (D:3)
  A white imp (D:5)
  A dart slug (D:3)
  7 orcs
  8 bats
  A giant cockroach (D:2)
  4 goblins
  2 hobgoblins
  A kobold (D:3)
  A quokka (D:3)
  6 frilled lizards
  A jackal skeleton (D:4)
  A leopard gecko skeleton (D:5)
  7 rats
49 creatures vanquished.

Vanquished Creatures (collateral kills)
  An ogre (D:4)
  A centaur (D:6)
  A water moccasin zombie (D:5)
  2 scorpions
  4 orc wizards
  4 orc priests
  3 gnolls (D:2)
  5 adders
  A nameless horror (D:6)
  An ooze (D:4)
  An adder zombie (D:5)
  2 worms
  A dart slug (D:3)
  12 orcs
  A giant cockroach (D:4)
  A hobgoblin (D:2)
  A quokka (D:2)
  A bat (D:3)
  A frilled lizard (D:1)
  3 goblins
  3 kobolds
  A rat (D:1)
51 creatures vanquished.

Vanquished Creatures (others)
  Duvessa (D:4)
  Dowan (D:4)
2 creatures vanquished.

Grand Total: 102 creatures vanquished

Notes
Turn   | Place    | Note
-------+----------+-------------------------------------------
     0 | D:1      | salade2fruit the Octopode Summoner began the quest for the
                  | Orb.
     0 | D:1      | Reached XP level 1. HP: 11/11 MP: 3/3
   258 | D:1      | Reached skill level 3 in Stealth
   550 | D:1      | Reached XP level 2. HP: 13/17 MP: 1/5
  1371 | D:2      | Reached XP level 3. HP: 13/21 MP: 4/6
  1995 | D:1      | HP: 1/21 [poisoned by an adder]
  2303 | D:2      | Learned a level 2 spell: Call Imp
  2565 | D:2      | Reached skill level 4 in Stealth
  2607 | D:2      | Noticed Sigmund
  2911 | D:3      | Reached XP level 4. HP: 27/27 MP: 5/8
  3365 | D:3      | Learned a level 3 spell: Call Canine Familiar
  3543 | D:3      | Reached XP level 5. HP: 31/31 MP: 2/9
  3698 | D:3      | Found a bloodstained altar of Trog.
  3915 | D:4      | Noticed an ogre
  3925 | D:4      | Killed an ogre
  3926 | D:4      | Reached skill level 5 in Stealth
  3926 | D:4      | Reached skill level 5 in Summonings
  4266 | D:4      | Killed Dowan
  4334 | D:4      | Found a glowing golden altar of the Shining One.
  4407 | D:4      | Noticed an ogre
  4418 | D:4      | Killed Duvessa
  4433 | D:4      | Killed an ogre
  4434 | D:4      | Reached skill level 1 in Fighting
  4434 | D:4      | Reached XP level 6. HP: 38/38 MP: 4/11
  4670 | D:4      | Found a radiant altar of Vehumet.
  4870 | D:4      | Found a snail-covered altar of Cheibriados.
  4940 | D:4      | Found a staircase to the Ecumenical Temple.
  4949 | Temple   | Entered the Ecumenical Temple
  5149 | Temple   | Became a worshipper of Ashenzari the Shackled
  5684 | D:5      | Entered Level 5 of the Dungeon
  6367 | D:5      | Reached skill level 6 in Stealth
  6429 | D:5      | Reached XP level 7. HP: 33/45 MP: 12/12
  6689 | D:5      | Found a blossoming altar of Fedhas.
  6921 | D:5      | Found a faded altar of an unknown god.
  6921 | D:5      | Found an iron altar of Okawaru.
  6926 | D:5      | Found a shimmering blue altar of Sif Muna.
  7204 | D:5      | Found a basalt altar of Yredelemnul.
  7206 | D:5      | Found a faded altar of an unknown god.
  7510 | D:6      | Found Pupiaqoh's Antique Armour Boutique.
  7524 | D:6      | Found Jomegi Enapp's Distillery.
  7529 | D:6      | Bought a potion of curing for 33 gold pieces
  7529 | D:6      | Bought a potion of heal wounds for 55 gold pieces
  7599 | D:6      | HP: 1/45 [centaur/arrow (7)]
  7925 | D:6      | Noticed Maggie
  7971 | D:6      | Killed from afar by Maggie

Illustrated notes

Levels and vault maps discovered:
D:1:      dpeg_arrival_snail, layout_basic
D:2:      layout_rooms, uniq_sigmund, uniq_crazy_yiuf_cottage, uniq_jessica
D:3:      layout_basic, nicolae_overflow_hidden_temple, chequers_mini_garden
D:4:      layout_loops_ring, marbit_many_paths, tso_altar,
          lemuel_temple_firewalk_b, vehumet_altar_wand_db, uniq_duvessa
D:5:      layout_loops_ring, kennysheep_mini,
          chequers_temple_overflow_minitemple, grunt_decor_fettered
D:6:      layout_rooms, serial_shops, shop_fountains, nicolae_shop_stone,
          kennysheep_little_box, kennysheep_mini_moat, small_statue_alley_b,
          grunt_tough_drop, uniq_maggie
Temple:   nicolae_temple_figure_eight

Skill      XL: |  1  2  3  4  5  6  7 |
---------------+----------------------+-----
Stealth        | 3 4 5 6 |  6.2
Spellcasting   | 3 4 |  4.3
Summonings     | 5 |  5.8
Fighting       | 1 2 |  2.8
Dodging        | |  2.0

Action                   |  1- 3 |  4- 6 |  7- 9 || total
-------------------------+-------+-------+-------++-------
Melee: Dagger            |    26 |       |       ||    26
       Constrict         |    20 |    23 |     3 ||    46
       Tentacles         |     8 |     9 |     5 ||    22
       Unarmed           |     3 |       |       ||     3
       Spear             |    28 |    81 |       ||   109
       Trident           |       |    21 |    36 ||    57
 Cast: Summon Small Mamm |    20 |     4 |     3 ||    27
       Call Imp          |     3 |    18 |     6 ||    27
       Call Canine Famil |       |    13 |     9 ||    22
  Use: Scroll            |     3 |     3 |     3 ||     9
       Potion            |       |       |     9 ||     9
 Stab: Sleeping          |     6 |    11 |     1 ||    18
       Distracted        |     1 |     2 |       ||     3
Armor: Skin              |     6 |     8 |       ||    14
Dodge: Dodged            |    41 |    34 |    17 ||    92
